AoeStats
← hauson.5168

Lombardia

510110804Analyzed
2v2 RM · 4d ago on Sep 29, 2026· 29m 33s· 4 players
Game mode
Random Map
Map size
Medium (4 player)
Population
200
Speed
Normal
Resources
Standard
Victory
Conquest
Starting age
Dark Age
Ending age
Imperial Age
RankedLock teamsTeams togetherTeam positionsShared explorationLock speedFull tech treeHidden civsTurbo modeCheats
Victory
Defeat
🇹🇼 Jurchens · Taiwan
997
+14
🇹🇼 Khmer · Taiwan
976
+15
🇪🇸 Magyars · Spain
967
-15
🇨🇭 Malians · Switzerland
956
-14
Sampling
9:21 Feudal Age
9:50 Double-Bit Axe
9:46 Horse Collar
13:22 Loom
14:19 Stone Mining
22:00 Castle Age
20:33 Gold Mining
22:41 Wheelbarrow
22:27 Scale Mail Armor
MON
0:27 Loom
11:21 Feudal Age
26:10 Castle Age
24:03 Stone Mining
27:41 Double-Bit Axe
27:41 Horse Collar
28:24 Pikeman
ss
6:18 Loom
9:25 Feudal Age
10:02 Double-Bit Axe
16:38 Scale Barding Armor
17:26 Bloodlines
17:31 Forging
21:50 Castle Age
23:23 Bow Saw
24:19 Wheelbarrow
28:39 Husbandry
hauson.5168
11:27 Feudal Age
15:37 Castle Age
15:58 Bloodlines
15:30 Horse Collar
15:37 Double-Bit Axe
25:37 Gold Mining
26:23 Scale Barding Armor
26:45 Husbandry
32:30 Imperial Age
Connection lost

Rejoining the realm…

Still unreachable

The connection could not be restored.

Session expired

The server has moved on; the page needs a fresh start.